 Dungeon Crawl Stone Soup version 0.21-a0-621-gc60411f (webtiles) character file.

36 M4edhros the Charlatan (level 3, 0/23 HPs)
             Began as an Octopode Artificer on Dec 23, 2017.
             Killed from afar by Natasha (6 damage)
             ... with a magic dart
             ... on level 2 of the Dungeon.
             The game lasted 00:01:27 (253 turns).

M4edhros the Charlatan (Octopode Artificer)          Turns: 253, Time: 00:01:28

Health: 0/23       AC:  1    Str: 11    XL:     3   Next: 37%
Magic:  5/5        EV: 16    Int: 13    God:
Gold:   28         SH:  0    Dex: 13    Spells: 2/2 levels left

rFire    . . .     SeeInvis .   a - +0 short sword
rCold    . . .     Gourm    .   (no shield)
rNeg     . . .     Faith    .   (helmet restricted)
rPois    .         Spirit   .   (no amulet)
rElec    .         Reflect  .   e - +2 ring of evasion
rCorr    .         Harm     .   (no ring)
MR       .....                  (no ring)
Stlth    +++.......             (no ring)
HPRegen  0.07/turn              (no ring)
MPRegen  0.09/turn              (no ring)
                                (no ring)
                                (no ring)

@: no status effects
A: almost no armour, stealthy swim, amphibious, 8 rings, constrict 8, camouflage
1, gelatinous body 1
a: no special abilities


You were on level 2 of the Dungeon.
You were not hungry.

You visited 1 branch of the dungeon, and saw 2 of its levels.

You collected 28 gold pieces.

Inventory:

Hand Weapons
 a - a +0 short sword (weapon)
Jewellery
 e - a +2 ring of evasion (left tentacle)
Wands
 b - a wand of flame (14)
 c - a wand of enslavement (11)
 d - a wand of random effects (10)
Scrolls
 g - a scroll of fear {unknown}
 h - a scroll of enchant weapon {unknown}
 i - 2 scrolls of remove curse {unknown}
 j - a scroll of identify {unknown}
Potions
 k - a potion of might {unknown}
Comestibles
 f - 3 rations
 l - a chunk of flesh


   Skills:
 - Level 1.0 Fighting
 - Level 1.0 Short Blades
 + Level 2.6 Dodging
 + Level 2.8 Stealth
 + Level 3.8 Evocations


You had 2 spell levels left.
You didn't know any spells.

Dungeon Overview and Level Annotations

Branches:
Dungeon (2/15)

Altars:

Annotations:
D:2 Natasha


Innate Abilities, Weirdness & Mutations

You cannot wear most types of armour.
You are very stealthy in the water. (Stealth+)
You are amphibious.
You can wear up to eight rings at the same time.
You can use your tentacles to constrict eight enemies at once.
Your skin changes colour to match your surroundings (Stealth+).
Your rubbery body absorbs attacks. (AC +1, EV +1)


Message History

There are no items here.
There is a stone staircase leading down here.
What are your orders? t - Shout!
Orders for allies: a - Attack new target. r - Retreat! s - Stop attacking. g - Guard the area. f - Follow me.
Anything else - Cancel.
Guard this area!
Found a lumpy orange potion.
Natasha closely misses you.
Found a ration.
Evoke which item? (* to show all) (? for menu, Esc to quit)
Aiming: Enslavement
Press: ? - help, Shift-Dir - straight line, f/p - Natasha
Aim: Natasha (moderately wounded, fast, misshapen and mutated, chance to defeat MR: 63%) Natasha resists with significant effort.
Natasha casts a spell at you. The magic dart hits you!
You die...

######### #####
#.......# #.†..
#.......# %.#....
#.......#
......h##.......####
#....@............
#!...##.......##
###.. #....>5.#
#..##.......#
##..#.....5.#
#..#.......#
##..#.#..######
#.....#.#.....
######...#.......


You could see Natasha and 2 friendly crimson imps.

Vanquished Creatures
  An adder (D:2)
  A ball python (D:2)
  A giant cockroach (D:1)
  A kobold (D:1)
  A quokka (D:2)
  2 frilled lizards
  2 rats (D:1)
9 creatures vanquished.

Vanquished Creatures (collateral kills)
  2 worms (D:2)
  A kobold (D:2)
3 creatures vanquished.

Vanquished Creatures (others)
  Natasha (D:2)
1 creature vanquished.

Grand Total: 13 creatures vanquished

Notes
Turn   | Place    | Note
-------+----------+-------------------------------------------
     0 | D:1      | M4edhros the Octopode Artificer began the quest for the Orb.
     0 | D:1      | Reached XP level 1. HP: 13/13 MP: 3/3
   170 | D:2      | Noticed Natasha
   172 | D:2      | Reached XP level 2. HP: 12/18 MP: 4/4
   204 | D:2      | Your ally died
   205 | D:2      | Reached XP level 3. HP: 15/23 MP: 5/5
   218 | D:2      | Noticed Natasha
   253 | D:2      | Killed from afar by Natasha

Vault maps used:
D:1:      eino_arrival_druids_welcome, minmay_misc_feat_pillars, minivault_24
D:2:      old_standard_altar, uniq_natasha

Skill      XL: |  1 |
---------------+----+-----
Stealth        | 2 |  2.8
Fighting       | |  1.0
Short Blades   | |  1.0
Dodging        | |  2.6
Evocations     | |  3.8

Action                   || total
-------------------------++-------
Melee: Short sword       ||    17
       Constrict         ||     3
       Tentacles         ||     1
Evoke: Wand              ||    10
 Stab: Sleeping          ||     3
Dodge: Dodged            ||    11

Table legend:
 A = Spawn XP
 B = Non-spawn XP
 C = Spawn XP percentage of total XP
 D = Spawn monster count
 E = Non-spawn monster count
 F = Spawn count percentage of total count
 G = Total turns spent on level
                    A         B        C        D         E        F      G
               +---------+---------+-------+---------+---------+-------+---------
         Total |       0 |      52 |   0.0 |       0 |      12 |   0.0 |   253
               +---------+---------+-------+---------+---------+-------+---------
           D:1 |       0 |       7 |   0.0 |       0 |       5 |   0.0 |   141
           D:2 |       0 |      45 |   0.0 |       0 |       7 |   0.0 |   112
               +---------+---------+-------+---------+---------+-------+---------
